 Dungeon Crawl Stone Soup version 0.25.0-11-g1f837a76a1 (webtiles) character file.

Game seed: 6200917066915309251

21 Descartes the Scratcher (level 2, 0/12 HPs)
             Began as a Felid Transmuter on June 27, 2020.
             Succumbed to a goblin's poison
             ... on level 1 of the Dungeon.
             The game lasted 00:01:31 (721 turns).

Descartes the Scratcher (Felid Transmuter)           Turns: 721, Time: 00:01:32

Health: 0/12       AC:  1    Str:  6    XL:     2   Next: 62%
Magic:  6/6        EV: 18    Int: 14    God:
Gold:   29         SH:  0    Dex: 16    Spells: 4/5 levels left
                                        Lives:  0   Deaths: 0

rFire    . . .     SeeInvis +     - Unarmed
rCold    . . .     Gourm    .   (shield unavailable)
rNeg     . . .     Faith    .   (armour unavailable)
rPois    .         Spirit   .   (helmet unavailable)
rElec    .         Reflect  .   (cloak unavailable)
rCorr    .         Harm     .   (gloves unavailable)
MR       .....                  (boots unavailable)
Stlth    +++.......             (no amulet)
HPRegen  0.04/turn              (no ring)
MPRegen  0.10/turn              (no ring)

@: lethally poisoned (0 -> -7), appendage, quick
A: very small, no armour, no weapons or thrown items, stealth, claws 1, fangs 3,
horns 2, see invisible, carnivore, speed 1, shaggy fur 1, slow metabolism 1,
sharp paws
a: End Transformation


You were on level 1 of the Dungeon.
You were completely stuffed.
You had grown temporary horns.
You visited 1 branch of the dungeon, and saw 1 of its levels.

You collected 29 gold pieces.

Inventory:

Missiles
 a - 31 arrows
 f - 24 stones
Scrolls
 b - a scroll of enchant weapon {unknown}
 d - 4 scrolls of identify {unknown}
 e - a scroll of enchant armour {unknown}
Comestibles
 c - 3 rations
 g - 2 chunks of flesh


   Skills:
 - Level 1.0 Fighting
 - Level 2.6 Dodging
 * Level 2.1 Stealth
 * Level 3.4 Unarmed Combat
 - Level 2.0 Spellcasting
 + Level 2.5 Transmutations


You had 4 spell levels left.
You knew the following spells:

 Your Spells              Type           Power        Failure   Level  Hunger
a - Beastly Appendage     Tmut           #.....       9%          1    ##.....

Your spell library contained the following spells:

 Spells                   Type           Power        Failure   Level  Hunger
 Sticks to Snakes         Tmut           #.......     13%         2    ###....
 Spider Form              Tmut/Pois      #.........   38%         3    ####...
 Ice Form                 Ice/Tmut       #.......     80%         4    #####..
 Blade Hands              Tmut           #.........   93%         5    ######.


Dungeon Overview and Level Annotations

Branches:
Dungeon (1/15)

Altars:


Innate Abilities, Weirdness & Mutations

You cannot wear armour.
You are incapable of wielding weapons or throwing items.
Your paws allow you to move quietly. (Stealth)
You have sharp claws.
You have razor-sharp teeth.
You have supernaturally acute eyesight. (SInv)
You are carnivorous and can eat meat at any time.
You cover ground quickly.
You are covered in fur. (AC +1)
You have a slow metabolism.
Your sharp claws are effective at attacking unaware monsters.
You have a pair of horns on your head.


Message History

Found 14 gold pieces.
The goblin hits you with a +2 dagger of venom.
You are lethally poisoned!
Found 20 sling bullets and a robe.
You closely miss the goblin.
You feel sick.
The goblin hits you with a +2 dagger of venom.
You are too injured to fight recklessly!
You scratch the goblin. You bite the goblin, but do no damage.
The goblin is severely wounded.
* * * LOW HITPOINT WARNING * * *
You feel sick. The goblin misses you.
You scratch the goblin.
You kill the goblin!
* * * LOW HITPOINT WARNING * * *
You feel sick.
You see here a +2 dagger of venom.
* * * LOW HITPOINT WARNING * * *
You feel sick.
You aren't carrying any potions.
You die...

#.#.#..........##.########
## #.#..###'######
#........# #. #
##.###.###### #.)#####.#
#. #..#.......# #..# #.#
#. ##.#.......# #..# #.#
#. .#.......# #..# #.# #.
.#.......# #..# #.# #.
.#$....).# #..# #.# #.
#........@# #..# #.# #.
#..........(.[.# #.# #.
#....#########.# #.# #.
#.$.. #.# ## ###.. #รท# [.
#.# #.# #.##### #......


There were no monsters in sight!

Vanquished Creatures
  A dart slug (D:1)
  2 bats (D:1)
  A giant cockroach (D:1)
  4 goblins (D:1)
  4 jackals (D:1)
  A kobold (D:1)
  2 frilled lizards (D:1)
  A rat (D:1)
16 creatures vanquished.

Notes
Turn   | Place    | Note
-------+----------+-------------------------------------------
     0 | D:1      | Descartes the Felid Transmuter began the quest for the Orb.
     0 | D:1      | Reached XP level 1. HP: 9/9 MP: 4/4
   232 | D:1      | Reached skill level 1 in Stealth
   241 | D:1      | Reached XP level 2. HP: 10/12 MP: 4/6
   721 | D:1      | Succumbed to a goblin's poison

Illustrated notes

Levels and vault maps discovered:
D:1:      dpeg_arrival_tiny_a, layout_basic

Skill      XL: |  1  2 |
---------------+-------+-----
Stealth        | 1 2 |  2.1
Fighting       | |  1.0
Dodging        | |  2.6
Unarmed Combat | |  3.4
Spellcasting   | |  2.0
Transmutations | |  2.5

Action                   || total
-------------------------++-------
Melee: Unarmed           ||    43
       Bite              ||     4
       Punch             ||     1
       Headbutt          ||     3
 Cast: Beastly Appendage ||     7
 Stab: Sleeping          ||     1
  Eat: Chunk             ||     7
Armor: Skin              ||     7
Dodge: Dodged            ||    61
